 Dungeon Crawl Stone Soup version 0.18.1-50-g88ac8fd (webtiles) character file.

361 nikopol the Chopper (level 6, -2/56 HPs)
             Began as a Hill Orc Berserker on Oct 17, 2016.
             Was a Believer of Trog.
             Succumbed to Duvessa's poison
             ... while paralysed
             ... on level 4 of the Dungeon.
             The game lasted 00:05:18 (2824 turns).

nikopol the Chopper (Hill Orc Berserker)            Turns: 2824, Time: 00:05:19

Health: -2/56      AC: 10    Str: 20    XL:     6   Next: 66%
Magic:  6/6        EV:  2    Int:  7    God:    Trog [**....]
Gold:   220        SH:  0    Dex: 12    Spells: 0 memorised, 5 levels left

rFire  . . .     SeeInvis .     a - +0 hand axe
rCold  . . .     Gourm    .     l - +0 chain mail
rNeg   . . .     Faith    .     (no shield)
rPois  .         Spirit   .     (no helmet)
rElec  .         Dismiss  .     (no cloak)
rCorr  .         Reflect  .     (no gloves)
SustAt .         Harm     .     i - +0 pair of boots
MR     .....                    (no amulet)
Stlth  ..........               (no ring)
                                s - ring of stealth

@: paralysed, lethally poisoned (-2 -> -45), exhausted, slowed, not resistant to
hostile enchantments, extremely unstealthy
A: no striking features
a: Berserk, Trog's Hand, Burn Spellbooks, Renounce Religion


You were on level 4 of the Dungeon.
You worshipped Trog.
Trog was pleased with you.
You were very hungry.

You visited 1 branch of the dungeon, and saw 4 of its levels.

You collected 220 gold pieces.

Inventory:

Hand Weapons
 a - a +0 hand axe (weapon)
Missiles
 h - 52 arrows (quivered)
Armour
 b - a +0 animal skin
 i - a +0 pair of boots (worn)
 l - a +0 chain mail (worn)
Jewellery
 j - an uncursed ring of protection from cold {unknown}
 s - a ring of stealth (left hand)
Scrolls
 d - 2 scrolls of magic mapping {unknown}
 e - 2 scrolls of enchant weapon {unknown}
 m - a scroll of remove curse {unknown}
 o - a scroll of teleportation {unknown}
 r - a scroll of identify {unknown}
 u - a scroll of recharging {unknown}
 v - a scroll of enchant armour {unknown}
Potions
 f - 2 potions of ambrosia {unknown}
 g - a potion of magic {unknown}
 k - 3 potions of degeneration {unknown}
 n - a potion of berserk rage {unknown}
 p - 2 potions of agility {unknown}
 t - a potion of cure mutation {unknown}
 w - 2 potions of curing {unknown}
 z - a potion of heal wounds {unknown}
Comestibles
 c - a bread ration
 q - a meat ration
 x - a beef jerky
 A - a chunk of flesh


   Skills:
 + Level 5.4 Fighting
 + Level 5.8 Axes
 + Level 4.1 Armour
 + Level 3.0 Dodging


You had 5 spell levels left.
You didn't know any spells.

Dungeon Overview and Level Annotations

Branches:
Dungeon (4/15)
 Temple: D:4-7

Altars:
Cheibriados
The Shining One


Message History

Your Armour skill increases to level 4!
Your Dodging skill increases to level 3!
* * * LOW HITPOINT WARNING * * *
You feel very sick.
* * * LOW HITPOINT WARNING * * *
You feel sick.
Things that are here:
a short sword of venom; a glowing red potion You are too berserk!
You feel a strong urge to attack something.
* * * LOW HITPOINT WARNING * * *
You feel sick.
* * * LOW HITPOINT WARNING * * *
You feel sick.
You are too berserk!
You feel your anger subside.
You are no longer berserk.
You pass out from exhaustion.
You feel yourself slow down.
You are feeling very hungry.
You die...

+...............
######.#.######
##..........#
#.......#.#.#
#..###..#.#.#
#..# #..#.#)#
#..# #..#.#.#
#..# #..#.#.#
#..#
#..#.#@#######
####
####.#......)#
#######.# #.#
#.# #.# #e# #..
###


There were no monsters in sight!

Vanquished Creatures
  Duvessa (D:4)
  A giant frog (D:3)
  Dowan (D:4)
  Natasha (D:4)
  3 gnolls (D:2)
  3 adders
  2 worms (D:2)
  3 dart slugs (D:2)
  2 giant geckos (D:3)
  An orc (D:3)
  3 bats
  A giant cockroach (D:2)
  5 hobgoblins
  5 jackals
  10 kobolds
  4 giant newts
  6 goblins (D:1)
  5 rats
57 creatures vanquished.

Notes
Turn   | Place    | Note
--------------------------------------------------------------
     0 | D:1      | nikopol the Hill Orc Berserker began the quest for the Orb.
     0 | D:1      | Reached XP level 1. HP: 19/19 MP: 1/1
   245 | D:1      | Reached XP level 2. HP: 27/27 MP: 2/2
   681 | D:1      | Reached XP level 3. HP: 32/33 MP: 3/3
   683 | D:1      | Reached ** piety under Trog
   702 | D:1      | Found a glowing golden altar of the Shining One.
   821 | D:2      | Found a snail-covered altar of Cheibriados.
   902 | D:2      | Reached XP level 4. HP: 35/41 MP: 4/4
  1700 | D:3      | Noticed a giant frog
  1714 | D:3      | Killed a giant frog
  1714 | D:3      | Reached skill level 5 in Axes
  1714 | D:3      | Reached XP level 5. HP: 31/47 MP: 5/5
  2368 | D:3      | Reached skill level 5 in Fighting
  2681 | D:4      | Noticed Natasha
  2693 | D:4      | Killed Natasha
  2767 | D:4      | Noticed Dowan
  2798 | D:4      | Killed Dowan
  2798 | D:4      | Reached XP level 6. HP: 39/56 MP: 6/6
  2801 | D:4      | Noticed Duvessa
  2820 | D:4      | Killed Duvessa
  2822 | D:4      | HP: 3/84 [poisoned by Duvessa]
  2823 | D:4      | HP: 1/84 [poisoned by Duvessa]
  2824 | D:4      | Succumbed to Duvessa's poison

Skill      XL: |  1  2  3  4  5  6 |
---------------+-------------------+-----
Fighting       | 4 5 |  5.4
Dodging        | 2 3 |  3.0
Armour         | 3 4 |  4.1
Axes           | 5 |  5.8

Action                   |  1- 3 |  4- 6 || total
-------------------------+-------+-------++-------
Melee: Hand axe          |   114 |   162 ||   276
Invok: Berserk           |     1 |     1 ||     2
  Eat: Chunk             |       |     7 ||     7
Armor: Animal skin       |     9 |       ||     9
       Chain mail        |    36 |    91 ||   127
Dodge: Dodged            |    82 |    60 ||   142
